AoeStats
← tavoo

Arabia

508065054Analyzed
1v1 RM · 13d ago on Sep 20, 2026· 13m 0s· 2 players
Game mode
Random Map
Map size
Tiny (2 player)
Population
200
Speed
Normal
Resources
Standard
Victory
Conquest
Starting age
Dark Age
Ending age
Imperial Age
RankedLock teamsTeams togetherTeam positionsShared explorationLock speedFull tech treeHidden civsTurbo modeCheats
Victory
Defeat
🇦🇷 Japanese · Argentina
1389
+18
🇲🇽 Ethiopians · Mexico
1427
-18
tengo_hambre_3000
6:36 Loom
9:19 Feudal Age
9:47 Double-Bit Axe
10:24 Horse Collar
tavoo
8:03 Loom
10:49 Feudal Age
10:58 Man-at-Arms
12:49 Double-Bit Axe
Connection lost

Rejoining the realm…

Still unreachable

The connection could not be restored.

Session expired

The server has moved on; the page needs a fresh start.